 Dungeon Crawl Stone Soup version 0.26.1-2-gb8aa6d0 (webtiles) character file.

Game seed: 8242238464059635405

271093 FockTheFreack the Peltast (level 19, -13/161 HPs)
             Began as a Demonspawn Fighter on Aug 4, 2021.
             Was an Initiate of Gozag.
             Killed by divine providence
             ... invoked by a smoke demon
              (14 damage)
             ... on level 2 of the Abyss on Aug 7, 2021.
             The game lasted 05:19:29 (69897 turns).

FockTheFreack the Peltast (Demonspawn Fighter)     Turns: 69897, Time: 05:19:30

Health: -13/161    AC: 30    Str: 28    XL:     19   Next: 44%
Magic:  0/27       EV: 15    Int: 12    God:    Gozag
Gold:   4230       SH: 24    Dex: 14    Spells: 14/29 levels left

rFire    + . .     SeeInvis +   a - +4 flail (protect)
rCold    + . .     Faith    .   P - +4 kite shield
rNeg     . . .     Spirit   +   N - +3 scale mail of Divine Beauty {Slay+5}
rPois    +         Reflect  +   (helmet unavailable)
rElec    .         Harm     .   q - +2 cloak
rCorr    .         Rampage  .   w - +3 pair of gloves "Heuph" {Stlth+}
Will     +....                  r - +0 pair of boots of Fashionability {rC+ Int+3}
Stlth    +++.......             G - amulet of reflection
HPRegen  0.36/turn              (no ring)
MPRegen  0.40/turn              L - ring "Awics" {rPois Str+6 Slay+3}

@: about to teleport, gold aura, protection aura
A: antennae 3, yellow scales 2, [blurry vision 2], [dopey 1], fire resistance 1,
robust 1, magic shield, magic regeneration, flame cloud immunity
}: 2/15 runes: serpentine, barnacled
a: Renounce Religion, Potion Petition, Call Merchant, Bribe Branch


You were on level 2 of the Abyss.
You worshipped Gozag.
Gozag was most pleased with you.
You visited 7 branches of the dungeon, and saw 34 of its levels.
You visited the Abyss 1 time.

You collected 15496 gold pieces.
You spent 3711 gold pieces at shops.
You paid 7555 gold pieces to Gozag.

Inventory:

Hand Weapons
 a - a +4 flail of protection (weapon)
 b - a +4 hand crossbow of flaming
 c - the +8 spear of Ynuumir {elec, rPois Int+6}
   (You found it on level 2 of the Lair of Beasts)

   Occasionally, upon striking a foe, it can discharge electrical energy and
   cause terrible harm.
   It affects your intelligence (+6).
   It protects you from poison.
Missiles
 d - 70 bolts
 e - 9 curare-tipped darts
 Z - 8 atropa-tipped darts
Armour
 q - a +2 cloak (worn)
 r - the +0 pair of boots of Fashionability (worn) {rC+ Int+3}
   (You bought it in a shop on level 2 of the Snake Pit)

   It affects your intelligence (+3).
   It protects you from cold.
 w - the +3 pair of gloves "Heuph" (worn) {Stlth+}
   (You bought it in a shop on level 2 of the Orcish Mines)

   It makes you more stealthy.
 N - the +3 scale mail of Divine Beauty (worn) {Slay+5}
   (You found it on level 14 of the Dungeon)

   It affects your accuracy and damage with ranged weapons and melee attacks
   (+5).
 P - a +4 kite shield (worn)
Jewellery
 s - the ring of Boymuny {Dex+6 Stlth-}
   (You found it on level 13 of the Dungeon)

   [ring of attention]

   It affects your dexterity (+6).
   It makes you less stealthy.
 x - the ring of Anappal {Wiz rElec}
   (You found it on level 6 of the Lair of Beasts)

   [ring of wizardry]

   It improves your spell success rate.
   It insulates you from electricity.
 B - an uncursed ring of poison resistance
 D - an uncursed ring of fire
 G - an amulet of reflection (around neck)
 L - the ring "Awics" (right hand) {rPois Str+6 Slay+3}
   (You bought it in a shop on level 2 of the Snake Pit)

   [ring of strength]

   It affects your strength (+6).
   It affects your accuracy and damage with ranged weapons and melee attacks
   (+3).
   It protects you from poison.
 T - an uncursed ring of magical power
 Y - an uncursed ring of wizardry
Wands
 j - a wand of iceblast (7)
 u - a wand of disintegration (15)
 J - a wand of paralysis (4)
 W - a wand of enslavement (12)
Scrolls
 f - 20 scrolls of remove curse
 g - 5 scrolls of fog
 h - 5 scrolls of teleportation
 m - 2 scrolls of summoning
 o - a scroll of enchant weapon
 p - a scroll of silence
 y - 9 scrolls of immolation
 z - 5 scrolls of fear
 C - 3 scrolls of vulnerability
 E - 8 scrolls of magic mapping
 I - a scroll of torment
Potions
 i - 4 potions of curing
 k - 5 potions of haste
 l - a potion of berserk rage
 n - 5 potions of cancellation
 v - 6 potions of brilliance
 A - 4 potions of resistance
 F - a potion of lignification
 M - a potion of ambrosia
 O - 2 potions of magic
 Q - a potion of might
 V - 2 potions of invisibility
Miscellaneous
 H - a condenser vane
 K - a box of beasts
 R - a lightning rod (4/4)
 S - a phial of floods
 U - a phantom mirror
 X - a tin of tremorstones (2/2)


   Skills:
 + Level 12.5 Fighting
 + Level 2.7 Long Blades
 + Level 5.1(11.6) Axes
 - Level 13.8(14.2) Maces & Flails
 + Level 8.4(9.1) Polearms
 - Level 8.4(8.6) Slings
 - Level 10.1 Crossbows
 + Level 2.9(6.1) Throwing
 + Level 9.5 Armour
 + Level 7.2 Dodging
 + Level 5.1 Stealth
 - Level 15.3 Shields
 + Level 5.9 Spellcasting
 * Level 3.6 Hexes
 + Level 6.2 Summonings
 * Level 2.4 Fire Magic
 * Level 3.0 Ice Magic
 + Level 4.7 Air Magic
 * Level 3.6 Poison Magic
 + Level 3.0 Evocations


You had 14 spell levels left.
You knew the following spells:

 Your Spells              Type           Power        Failure   Level
a - Summon Lightning Spi  Summ/Air       16%          36%         4
b - Call Imp              Summ           18%          4%          2
c - Inner Flame           Hex/Fire       10%          30%         3
d - Summon Ice Beast      Ice/Summ       14%          45%         4
e - Poisonous Vapours     Pois/Air       26%          10%         2

Your spell library contained the following spells:

 Spells                   Type           Power        Failure   Level
 Summon Small Mammal      Summ           72%          2%          1
 Corona                   Hex            13%          8%          1
 Call Canine Familiar     Summ           18%          8%          3
 Slow                     Hex            12%          12%         2
 Summon Guardian Golem    Hex/Summ       15%          14%         3
 Foxfire                  Conj/Fire      24%          22%         1
 Mephitic Cloud           Conj/Pois/Air  10%          32%         3
 Animate Skeleton         Necr           6%           34%         1
 Apportation              Tloc           6%           34%         1
 Magic Dart               Conj           12%          34%         1
 Pain                     Necr           12%          34%         1
 Sandblast                Erth           6%           34%         1
 Static Discharge         Conj/Air       9%           36%         3
 Dazzling Flash           Conj/Hex       14%          45%         3
 Blink                    Tloc           N/A          47%         2
 Passwall                 Tmut/Erth      2%           47%         2
 Searing Ray              Conj           6%           47%         2
 Conjure Flame            Conj/Fire      6%           54%         3
 Cause Fear               Hex            6%           61%         4
 Stone Arrow              Conj/Erth      6%           71%         3
 Vampiric Draining        Necr           1%           71%         3
 Fulminant Prism          Conj/Hex       3%           86%         4
 Leda's Liquefaction      Hex/Erth       3%           86%         4
 Silence                  Hex/Air        6%           86%         5
 Sticky Flame             Conj/Fire      6%           91%         4
 Animate Dead             Necr           1%           98%         4
 Iskenderun's Mystic Bla  Conj/Tloc      3%           98%         4
 Petrify                  Tmut/Erth      3%           98%         4
 Lightning Bolt           Conj/Air       4%           98%         5
 Fireball                 Conj/Fire      3%           99%         5
 Yara's Violent Unravell  Hex/Tmut       3%           99%         5
 Agony                    Necr           3%           100%        5
 Bolt of Magma            Conj/Fire/Erth 2%           100%        5
 Iskenderun's Battlesphe  Conj           3%           100%        5
 Lee's Rapid Deconstruct  Erth           1%           100%        5
 Freezing Cloud           Conj/Ice/Air   4%           100%        6
 Iron Shot                Conj/Erth      1%           100%        6
 Starburst                Conj/Fire      3%           100%        6
 Statue Form              Tmut/Erth      2%           100%        6
 Orb of Destruction       Conj           1%           100%        7
 Spellforged Servitor     Conj/Summ      5%           100%        7
 Discord                  Hex            6%           100%        8
 Ignition                 Fire           4%           100%        8
 Shatter                  Erth           1%           100%        9
 Tornado                  Air            7%           100%        9


Dungeon Overview and Level Annotations

Branches:
Dungeon (15/15)            Temple (1/1) D:6            Lair (6/6) D:10
 Shoals (4/4) Lair:4        Snake (4/4) Lair:3        Slime (0/5) Lair:5
    Orc (2/2) D:10            Elf (2/3) Orc:2        Vaults (0/5) D:14
 Depths (0/5) D:15

Altars:
Cheibriados
Dithmenos
Fedhas
Gozag
Hepliaklqana
Makhleb
Nemelex Xobeh
Qazlal
Ru
Sif Muna
Trog
Uskayaw
Vehumet
Wu Jian
Xom
Yredelemnul
The Shining One
Beogh

Shops:
D:8 :   D:10 (   D:14 *   Orc:2 ([}}   Elf:1 *?!   Elf:2 }   Shoals:3 (
Snake:2 *[**=[=   Snake:4 *


Innate Abilities, Weirdness & Mutations

You have a pair of large antennae on your head. (SInv)
You are mostly covered in yellow scales. (AC +3)
Your flesh is heat resistant. (rF+)
You are robust. (+10% HP)
When hurt, damage is shared between your health and your magic reserves.
You regenerate magic rapidly.
You are immune to clouds of flame.
[Scrolls take you longer to read.]
[You are dopey. (Int -2)]


Message History

You sock the small abomination!
You destroy the small abomination!
The raiju bursts into living lightning!
The living lightning hits you!
* * * LOW HITPOINT WARNING * * *
The living lightning hits you.
* * * LOW HITPOINT WARNING * * *
The raiju blinks! x4
You closely miss the raiju.
The small abomination is no longer distracted by gold.
The starcursed mass is no longer distracted by gold.
The blink frog blinks!
The raiju becomes distracted by the nearby gold, dreaming of imaginary riches.
You thump the raiju!
The raiju is no longer distracted by gold.
The raiju is moderately wounded.
The smoke demon gestures at you. Something smites you!
You die...
Your body crumbles into a pile of gold.

#. # ## #
. # . #
##. # .
.. # # #
.. ..#
..## #
..# DX.#
.3X.X## #
. .
#xXh## .#
.${#@###
# b
#..#.###{
.. .# #
#{.## # {
..#.# . {
### .. #
. #.
#.#.. { .
{{ .## .
.X# #


You could see 3 starcursed masses, a smoke demon, a raiju and a small
abomination.

Vanquished Creatures
  Vashnia (Snake:4)
  Jorgrun (D:13)
  Gastronok (D:8)
  A tentacled starspawn (Abyss:2)
  A kraken (Shoals:4)
  A tengu reaver (D:12)
  8 nagarajas
  A deep elf sorcerer (Elf:2)
  Ilsuiw (Shoals:4)
  An orc warlord (Orc:1)
  A stone giant (D:9)
  A deep elf annihilator (Elf:1)
  A deep elf demonologist (Elf:1)
  A dire elephant (Lair:6)
  3 merfolk javelineers
  Snorg (D:13)
  2 ettins
  2 deep elf death magi
  A fire dragon (D:12)
  9 merfolk impalers
  A vault guard (D:14)
  Harold (D:7)
  A boulder beetle (D:15)
  6 hydras
  A merfolk avatar (Shoals:4)
  15 naga warriors
  11 death yaks
  13 anacondas
  5 catoblepae
  A satyr (Shoals:2)
  2 death knights
  4 centaur warriors
  4 merfolk aquamancers (Shoals:4)
  8 two-headed ogres
  A tengu warrior (D:15)
  23 naga sharpshooters
  3 thrashing horrors (Abyss:2)
  5 orc high priests (Orc:2)
  Urug (D:10)
  Sonja (D:10)
  4 deep elf knights
  8 shock serpents
  2 wretched stars (Abyss:2)
  3 salamander mystics
  An unseen horror (D:15)
  2 wizards (D:14)
  3 sea snakes
  A shadow demon (Abyss:2)
  A sixfirhy (Abyss:2)
  The ghost of DrBrontosaurus the Covert, a novice OpMo of Dithmenos (D:7)
  6 naga ritualists
  Pikel (D:8)
  4 orc knights (Orc:2)
  9 deep elf archers
  12 mana vipers
  7 cyclopes
  8 oklob plants
  6 orc sorcerers
  44 deep elf magi
  9 fauns
  24 harpies
  10 ugly things
  11 manticores
  14 salamanders
  9 merfolk sirens
  2 elephants (Lair:6)
  31 naga magi
  35 black mambas
  3 water nymphs
  4 gargoyles
  A rust devil (Abyss:2)
  4 centaur skeletons
  3 torpor snails
  10 cane toads
  3 freezing wraiths
  A hellion (Abyss:2)
  2 kobold demonologists
  4 rime drakes
  8 komodo dragons
  28 merfolk
  3 polar bears
  7 trolls
  3 tengu conjurers
  A wind drake (shapeshifter) (D:12)
  A hornet (D:11)
  A meliai (D:12)
  7 wind drakes
  25 blink frogs
  9 dream sheep
  5 snapping turtles
  7 raiju (Abyss:2)
  5 slime creatures (D:13)
  A harpy skeleton (D:14)
  3 large abominations (Abyss:2)
  9 wyverns
  2 vampires
  4 shadows
  A wraith (D:10)
  A ynoxinul (Abyss:2)
  34 yaks
  A hog (shapeshifter) (Elf:1)
  2 fire elementals
  8 water elementals
  4 vampire mosquitoes (D:15)
  A chaos spawn (Abyss:2)
  2 basilisks (Lair:3)
  5 wargs
  A steam dragon (D:14)
  Edmund (D:5)
  A soldier ant (D:15)
  48 nagas
  An acid dragon (D:12)
  18 water moccasins
  Duvessa (D:7)
  42 orc warriors
  5 ice beasts
  3 phantoms
  3 sky beasts
  3 eyes of draining
  2 black bears
  7 starcursed masses (Abyss:2)
  3 hornet zombies
  16 ogres
  30 wolves
  9 centaurs
  3 small abominations (Abyss:2)
  2 big kobolds
  29 bullfrogs
  A gnoll sergeant (D:7)
  4 earth elementals
  Dowan (D:7)
  7 scorpions
  A killer bee (D:7)
  6 wights
  3 electric eels (D:14)
  An oklob sapling (D:11)
  6 nameless horrors
  2 howler monkeys (D:9)
  A bullfrog zombie (D:12)
  3 centaur zombies
  3 quasits
  6 jellies
  12 hounds
  4 bullfrog skeletons
  31 orc priests
  20 orc wizards
  3 iguanas
  13 worker ants
  3 hound skeletons
  A howler monkey zombie (D:8)
  A worker ant zombie (D:7)
  8 gnolls
  19 adders
  A howler monkey skeleton (D:8)
  3 shadow imps
  14 white imps
  5 ufetubi
  An ooze (D:2)
  2 adder skeletons
  A worm (D:3)
  2 dart slugs
  2 leopard geckos
  127 orcs
  6 ball pythons (D:11)
  4 giant cockroaches
  2 gnoll zombies (D:7)
  5 hobgoblins
  6 jackals
  15 kobolds
  5 quokkas
  8 bats
  4 frilled lizards
  5 goblins
  A jackal skeleton (D:4)
  2 quokka skeletons (D:5)
  7 rats
  7 tentacles (Shoals:4)
1260 creatures vanquished.

Vanquished Creatures (collateral kills)
  Asterion (Elf:1)
  A deep elf sorcerer (Elf:2)
  A merfolk javelineer (Shoals:4)
  A merfolk impaler (Shoals:3)
  3 naga warriors
  A deep troll shaman (Lair:6)
  A naga sharpshooter (Snake:4)
  A sea snake (Snake:4)
  A naga ritualist (Snake:4)
  A deep elf archer (Elf:1)
  A harpy (Shoals:4)
  A deep elf mage (Elf:1)
  A guardian serpent (Snake:2)
  A naga mage (Snake:4)
  4 merfolk
  5 nagas
25 creatures vanquished.

Vanquished Creatures (others)
  6 dancing weapons
  A thrashing horror (Abyss:2)
  A large abomination (Abyss:2)
  2 small abominations (Abyss:2)
  54 fungi
  A lurking horror (Abyss:2)
  124 plants
  18 tentacles (Shoals:4)
207 creatures vanquished.

Grand Total: 1492 creatures vanquished

Notes
Turn   | Place    | Note
-------+----------+-------------------------------------------
     0 | D:1      | FockTheFreack the Demonspawn Fighter began the quest for
                  | the Orb.
     0 | D:1      | Reached XP level 1. HP: 18/18 MP: 1/1
   164 | D:1      | Gained mutation: Your flesh is heat resistant. (rF+)
                  | [demonic ancestry]
   164 | D:1      | Reached XP level 2. HP: 19/24 MP: 2/2
   571 | D:1      | You fall into a shaft and drop 1 floor!
  1096 | D:2      | Reached skill level 3 in Shields
  1180 | D:2      | Gained mutation: When hurt, damage is shared between your
                  | health and your magic reserves. [demonic ancestry]
  1180 | D:2      | Reached XP level 3. HP: 29/29 MP: 3/3
  2033 | D:3      | Gained mutation: You have a pair of small antennae on your
                  | head. [demonic ancestry]
  2033 | D:3      | Reached XP level 4. HP: 35/35 MP: 4/4
  3099 | D:4      | Gained mutation: You are partially covered in yellow
                  | scales. (AC +2) [demonic ancestry]
  3099 | D:4      | Reached XP level 5. HP: 41/41 MP: 5/5
  3183 | D:4      | Noticed an ogre
  3191 | D:4      | HP: 1/41 [ogre/+0 giant club (4)]
  3192 | D:4      | Killed an ogre
  3193 | D:4      | Reached skill level 1 in Slings
  3773 | D:5      | Entered Level 5 of the Dungeon
  3959 | D:5      | Reached XP level 6. HP: 39/48 MP: 4/6
  4519 | D:5      | Noticed Edmund
  4558 | D:5      | Killed Edmund
  4559 | D:5      | Reached XP level 7. HP: 24/53 MP: 4/7
  5640 | D:6      | Reached skill level 1 in Dodging
  5773 | D:6      | Reached skill level 4 in Shields
  6098 | D:6      | Found a staircase to the Ecumenical Temple.
  6125 | Temple   | Entered the Ecumenical Temple
  6224 | Temple   | Became a worshipper of Gozag Ym Sagoz the Greedy
  6944 | D:7      | Noticed Duvessa
  6944 | D:7      | Noticed Dowan
  6961 | D:7      | Killed Duvessa
  6962 | D:7      | Gained mutation: You have a pair of antennae on your head.
                  | [demonic ancestry]
  6962 | D:7      | Reached XP level 8. HP: 50/61 MP: 8/8
  6974 | D:7      | Killed Dowan
  6975 | D:7      | Reached skill level 5 in Maces & Flails
  7048 | D:7      | Found a runed translucent gate.
  7048 | D:7      | Found a runed translucent gate.
  7048 | D:7      | Found a runed translucent gate.
  7051 | D:7      | Noticed a kobold demonologist
  7067 | D:7      | Reached skill level 1 in Stealth
  7447 | D:7      | Noticed DrBrontosaurus's ghost (novice OpMo)
  7635 | D:7      | Noticed Harold
  7657 | D:7      | Killed Harold
  7658 | D:7      | Reached skill level 5 in Fighting
  7658 | D:7      | Reached skill level 5 in Shields
  7658 | D:7      | Reached XP level 9. HP: 47/68 MP: 3/9
  7851 | D:7      | Found a basalt altar of Yredelemnul.
  7875 | D:7      | Found a hazy altar of Hepliaklqana.
  7879 | D:7      | Found a sparkling altar of Nemelex Xobeh.
  7967 | D:7      | HP: 2/102 [gnoll sergeant/+2 trident of flaming (5)]
  8555 | D:7      | Found a shadowy altar of Dithmenos.
  8773 | D:8      | Found Pideibuc's Book Emporium.
  8787 | D:8      | Noticed Pikel
  8811 | D:8      | Killed Pikel
  8812 | D:8      | Reached skill level 5 in Slings
  8836 | D:8      | Noticed Gastronok
  8860 | D:8      | Killed Gastronok
  8861 | D:8      | Reached skill level 1 in Throwing
  8861 | D:8      | Gained mutation: You are immune to clouds of flame.
                  | [demonic ancestry]
  8861 | D:8      | Reached XP level 10. HP: 53/76 MP: 7/10
  9833 | D:8      | Got a transparent broad axe
 10090 | D:8      | Identified the +4 broad axe of Exchange {drain, rF- rC++
                  | rN++} (You found it on level 8 of the Dungeon)
 10457 | D:9      | Found a blossoming altar of Fedhas.
 10464 | D:9      | Found a stormy altar of Qazlal.
 10807 | D:9      | Found a stormy altar of Qazlal.
 10883 | D:9      | Noticed a two-headed ogre
 10927 | D:9      | Killed a two-headed ogre
 10982 | D:9      | Found a shimmering blue altar of Sif Muna.
 10983 | D:9      | Found a sacrificial altar of Ru.
 11196 | D:10     | Entered Level 10 of the Dungeon
 11223 | D:9      | Reached skill level 6 in Shields
 11316 | D:10     | Reached skill level 10 in Maces & Flails
 11422 | D:10     | Got an encrusted war axe
 11423 | D:10     | Identified the cursed +0 war axe of Zotaog {vamp, Str+5
                  | Stlth+} (You found it on level 10 of the Dungeon)
 11448 | D:10     | Reached XP level 11. HP: 59/83 MP: 11/11
 11635 | D:10     | Found a stormy altar of Qazlal.
 11890 | D:10     | Found Usuph's Weapon Shop.
 11919 | D:10     | Noticed Sonja
 11963 | D:10     | Killed Sonja
 11964 | D:10     | Reached skill level 1 in Axes
 12395 | D:10     | Found a staircase to the Lair.
 12512 | D:10     | Found a staircase to the Orcish Mines.
 12661 | Lair:1   | Entered Level 1 of the Lair of Beasts
 12661 | Lair:1   | Found a frozen archway.
 13375 | Lair:1   | Found a shimmering blue altar of Sif Muna.
 14193 | Lair:2   | Reached skill level 7 in Shields
 14216 | Lair:2   | Reached skill level 1 in Crossbows
 14811 | Lair:2   | Noticed an eight-headed hydra
 14878 | Lair:1   | Reached skill level 5 in Armour
 15156 | Lair:2   | Killed an eight-headed hydra
 15759 | Lair:2   | Reached XP level 12. HP: 61/91 MP: 7/12
 16254 | Lair:2   | Got a warped spear
 16255 | Lair:2   | Identified the +8 spear of Ynuumir {elec, rPois Int+6} (You
                  | found it on level 2 of the Lair of Beasts)
 16261 | Lair:2   | Learned a level 4 spell: Summon Lightning Spire
 16806 | Lair:3   | Reached skill level 1 in Polearms
 16893 | Lair:3   | Got a bloodstained long sword
 16894 | Lair:3   | Identified the +8 long sword "Lyokhlet" {drain, Stlth+}
                  | (You found it on level 3 of the Lair of Beasts)
 16969 | Lair:3   | Found a staircase to the Snake Pit.
 16981 | Lair:3   | Reached skill level 1 in Spellcasting
 17094 | Lair:3   | Noticed a catoblepas
 17106 | Lair:3   | Killed a catoblepas
 17107 | Lair:3   | Reached skill level 1 in Air Magic
 17428 | Lair:4   | Noticed a catoblepas
 18056 | Lair:2   | Killed a catoblepas
 18057 | Lair:2   | Reached skill level 1 in Long Blades
 18057 | Lair:2   | Reached skill level 1 in Summonings
 18487 | Lair:4   | Reached skill level 8 in Shields
 18869 | Lair:4   | Found a staircase to the Shoals.
 19162 | Lair:4   | Noticed a death yak
 19162 | Lair:4   | Noticed a death yak
 19163 | Lair:4   | Noticed a death yak
 19206 | Lair:4   | Killed a death yak
 19218 | Lair:4   | Killed a death yak
 19247 | Lair:4   | Killed a death yak
 19838 | Lair:4   | Noticed an eight-headed hydra
 19850 | Lair:4   | Killed an eight-headed hydra
 20175 | Lair:5   | Found a staircase to the Slime Pits.
 20217 | Lair:5   | Reached XP level 13. HP: 73/96 MP: 12/16
 21723 | Lair:6   | Entered Level 6 of the Lair of Beasts
 21926 | Lair:5   | Reached skill level 5 in Polearms
 22320 | Lair:6   | Reached skill level 1 in Evocations
 22799 | Lair:6   | Reached skill level 9 in Shields
 23886 | Lair:6   | Reached XP level 14. HP: 105/105 MP: 15/18
 24208 | Lair:6   | Reached skill level 5 in Axes
 24464 | Orc:1    | Entered Level 1 of the Orcish Mines
 24464 | Orc:1    | Noticed a stone giant
 24467 | Orc:1    | Noticed Urug
 25013 | D:9      | Killed a stone giant
 25302 | D:10     | Killed Urug
 25507 | Orc:2    | Entered Level 2 of the Orcish Mines
 26737 | Orc:2    | Found a staircase to the Elven Halls.
 26887 | Orc:2    | Noticed an orc warlord
 27219 | Orc:1    | Killed an orc warlord
 27565 | Orc:2    | Found a roughly hewn altar of Beogh.
 27896 | Orc:2    | Found Lehium's Weapon Emporium.
 28174 | Orc:2    | Found Ysekhluj's Antique Armour Shoppe.
 28286 | Orc:2    | Bought a pair of spiked gloves for 237 gold pieces
 28302 | Orc:2    | Identified the +3 pair of gloves "Heuph" {Stlth+} (You
                  | bought it in a shop on level 2 of the Orcish Mines)
 28302 | Orc:2    | Bought a glowing cloak for 187 gold pieces
 28331 | Orc:2    | Bought a transparent ring mail for 225 gold pieces
 28345 | Orc:2    | Identified the +4 ring mail "Papiomm" {rPois rCorr} (You
                  | bought it in a shop on level 2 of the Orcish Mines)
 28964 | Orc:2    | Reached skill level 10 in Shields
 29072 | Orc:2    | Found Fohuw's Gadget Shoppe.
 29091 | Orc:2    | Found a roughly hewn altar of Beogh.
 29825 | Orc:2    | Found Inwuyca's Gadget Boutique.
 30779 | Orc:1    | Found a roughly hewn altar of Beogh.
 33694 | D:12     | Gained mutation: You are mostly covered in yellow scales.
                  | (AC +3) [demonic ancestry]
 33694 | D:12     | Reached XP level 15. HP: 113/113 MP: 19/19
 34150 | D:12     | Found a large runed translucent door.
 34151 | D:12     | Found a large runed translucent door.
 34937 | D:13     | Noticed Snorg
 34960 | D:13     | Killed Snorg
 35135 | D:13     | Reached skill level 11 in Shields
 35664 | D:13     | Noticed Jorgrun
 35715 | D:13     | Killed Jorgrun
 35716 | D:13     | Reached skill level 5 in Dodging
 36053 | D:13     | Got a scintillating iron ring
 36167 | D:14     | Found a blossoming altar of Fedhas.
 36225 | D:14     | Found Omawkoil's General Store.
 36247 | D:14     | Bought a potion of heal wounds for 85 gold pieces
 36247 | D:14     | Bought a scroll of summoning for 161 gold pieces
 36256 | D:14     | Got a jacinth-encrusted scale mail
 36262 | D:14     | Identified the +3 scale mail of Divine Beauty {Slay+5} (You
                  | found it on level 14 of the Dungeon)
 36989 | D:14     | Identified the cursed +0 rapier "Zisote" {vorpal, Will+}
 37167 | D:14     | Found a gate to the Vaults.
 37830 | D:15     | Entered Level 15 of the Dungeon
 38611 | D:7      | Killed DrBrontosaurus's ghost
 39109 | D:11     | Identified the ring of Boymuny {Dex+6 Stlth-} (You found it
                  | on level 13 of the Dungeon)
 39228 | D:12     | Found a shadowy altar of Dithmenos.
 39228 | D:12     | Noticed a tengu reaver
 39267 | D:12     | Killed a tengu reaver
 39377 | D:12     | Found a shimmering blue altar of Sif Muna.
 39765 | Lair:4   | Identified Xasm's Guide on Flames
 39850 | Lair:5   | Reached skill level 10 in Fighting
 40261 | Lair:5   | Reached skill level 12 in Shields
 40765 | Lair:6   | Identified a scroll of acquirement
 40766 | Lair:6   | Acquired 939 gold pieces
 40782 | Lair:6   | Got a fine granite ring
 40784 | Lair:6   | Identified the ring of Anappal {Wiz rElec} (You found it on
                  | level 6 of the Lair of Beasts)
 40789 | Lair:6   | Got a faintly glowing battleaxe
 40795 | Lair:6   | Identified the +8 battleaxe of Conservatism {vorpal, rElec
                  | rF+ Str+2 Int-2} (You found it on level 6 of the Lair of
                  | Beasts)
 41787 | D:15     | Found a staircase to the Depths.
 41936 | D:15     | Found a bloodstained altar of Trog.
 42262 | D:14     | Reached skill level 5 in Stealth
 42749 | D:15     | Gained mutation: You have a pair of large antennae on your
                  | head. (SInv) [demonic ancestry]
 42749 | D:15     | Reached XP level 16. HP: 123/123 MP: 20/20
 43242 | Snake:1  | Entered Level 1 of the Snake Pit
 44274 | Lair:3   | Learned a level 2 spell: Call Imp
 45916 | Snake:2  | Acquired a +4 hand crossbow of flaming
 46872 | Snake:2  | Reached skill level 5 in Crossbows
 47312 | Snake:2  | Reached skill level 13 in Shields
 48415 | Snake:3  | Identified the +5 long sword of Bile {venom, *Corrode +Rage
                  | +Inv Dex-4}
 50648 | Snake:2  | Bought the ring "Awics" {rPois Str+6 Slay+3} for 905 gold
                  | pieces
 50654 | Snake:2  | Bought the +0 pair of boots of Fashionability {rC+ Int+3}
                  | for 396 gold pieces
 51060 | Snake:2  | Bought a scroll of enchant armour for 262 gold pieces
 51076 | Snake:2  | Bought a potion of haste for 110 gold pieces
 51076 | Snake:2  | Bought a scroll of identify for 22 gold pieces
 51076 | Snake:2  | Bought a wand of iceblast (7) for 121 gold pieces
 51284 | Orc:2    | Bought a phantom mirror for 440 gold pieces
 51945 | Snake:2  | Gained mutation: You regenerate magic rapidly. [demonic
                  | ancestry]
 51945 | Snake:2  | Reached XP level 17. HP: 129/130 MP: 14/21
 52847 | Snake:3  | Learned a level 3 spell: Inner Flame
 53796 | Snake:4  | Entered Level 4 of the Snake Pit
 53796 | Snake:4  | Found Emuetiaz's General Store.
 54081 | Snake:4  | Noticed Vashnia
 54129 | Snake:4  | Killed Vashnia
 54974 | Snake:4  | Learned a level 4 spell: Summon Ice Beast
 56739 | Snake:4  | Reached skill level 14 in Shields
 56794 | Snake:4  | Reached skill level 5 in Summonings
 58086 | Snake:4  | Got a serpentine rune of Zot
 58339 | Shoals:1 | Entered Level 1 of the Shoals
 58484 | Shoals:1 | Identified the cursed +0 ring mail "Forget-Me-Not" {Rampage
                  | rC+ Str+4} (You found it on level 1 of the Shoals)
 58789 | Shoals:1 | Gained mutation: You are robust. (+10% HP) [demonic
                  | ancestry]
 58789 | Shoals:1 | Reached XP level 18. HP: 131/151 MP: 25/25
 59221 | Shoals:2 | Learned a level 2 spell: Poisonous Vapours
 59700 | Shoals:2 | Reached skill level 10 in Crossbows
 60300 | Shoals:3 | Found Emippom's Antique Weapon Boutique.
 60366 | Shoals:2 | Reached skill level 5 in Spellcasting
 62098 | Shoals:4 | Entered Level 4 of the Shoals
 62380 | Shoals:4 | Noticed Ilsuiw
 62430 | Shoals:4 | Killed Ilsuiw
 63428 | Shoals:4 | Reached skill level 15 in Shields
 63442 | Shoals:4 | HP: 10/231 [merfolk impaler/+0 trident (9)]
 64288 | Shoals:4 | Got a barnacled rune of Zot
 64944 | Shoals:4 | Got an ebony scythe
 64950 | Shoals:4 | Identified the +6 scythe of Brawling {drain, rElec rN++
                  | Int+2 Dex+4} (You found it on level 4 of the Shoals)
 65378 | Elf:1    | Entered Level 1 of the Elven Halls
 65417 | Elf:1    | Noticed a Tzitzimitl
 65492 | Elf:1    | Found Wanoxt's Magic Scroll Boutique.
 65618 | Elf:1    | Reached skill level 1 in Poison Magic
 65979 | Elf:1    | Found Someocw's Distillery.
 65994 | Elf:1    | Bought a potion of heal wounds for 60 gold pieces
 65994 | Elf:1    | Bought a potion of heal wounds for 60 gold pieces
 66073 | Elf:1    | Reached skill level 1 in Hexes
 66081 | Elf:1    | Reached skill level 1 in Ice Magic
 66262 | Elf:1    | Found Coven's General Store.
 66268 | Elf:1    | Noticed Asterion
 66287 | Elf:1    | Killed Asterion
 66830 | Elf:1    | Reached skill level 1 in Fire Magic
 66941 | Elf:1    | Reached XP level 19. HP: 155/160 MP: 27/27
 68253 | Elf:2    | Found Haquack's Gadget Boutique.
 68607 | Elf:2    | Bought a box of beasts for 440 gold pieces
 68627 | Elf:2    | Noticed a Brimstone Fiend
 69086 | Elf:2    | Cast into level 2 of the Abyss (a deep elf demonologist)
 69832 | Abyss:2  | Noticed a bone dragon
 69888 | Abyss:2  | HP: 7/161 [starcursed mass/accursed screaming (5)]
 69895 | Abyss:2  | HP: 3/161 [raiju/living lightning (6)]
 69895 | Abyss:2  | HP: 1/161 [raiju/living lightning (2)]
 69897 | Abyss:2  | Killed from afar by a smoke demon

Illustrated notes

Levels and vault maps discovered:
D:1:      eino_arrival_druids_welcome, layout_basic, moated_statue,
          dk_noncrumbling_2, minmay_hedge_maze
D:2:      wad_pebble_path, layout_basic, bh_walls_and_bars
D:3:      layout_loops_corners, grunt_decor_one_mirror,
          kennysheep_decorative_pillar, corexii_leaking_fountain
D:4:      layout_rooms, glass_columns_a
D:5:      layout_cave_pods, st_stairs_14, uniq_edmund
D:6:      layout_loops_ring, minmay_temple_entry_grid
D:7:      layout_loops_ring, lemuel_zombie_altar_yredelemnul,
          nicolae_overflow_hidden_temple, gammafunk_ghost_split,
          nicolae_dithmenos_through_a_glass_darkly, uniq_harold, uniq_duvessa
D:8:      layout_loops_ring, serial_shops, shop, st_stairs_6, uniq_pikel,
          uniq_gastronok
D:9:      layout_roguey, grunt_temple_overflow_forces_of_nature,
          chequers_temple_overflow_statue_of_worship, basic_altar,
          serial_park_tiny_2, amcnicky_mini_rare_corridor_liquid
D:10:     layout_small_grid, lair_entry_dummy, hiddenorc1_lemuel, serial_shops,
          shop_fountains, nicolae_qazlal_general_emergency, uniq_sonja
D:11:     layout_long_grid, introduction_to_nature_2
D:12:     layout_rooms, chequers_serial_rivers_micro_a, jmf_multi_god_temple2
D:13:     layout_layer_cave, hangedman_decor_riveting, uniq_jorgrun, uniq_snorg
D:14:     layout_basic, david_vaults_5, fedhas_altar_3, serial_shops, shop
D:15:     hangedman_depths_entry_civil_slaughter, layout_cave_pods,
          lemuel_statue_altar, nrook_campfire
Temple:   dpeg_chambers_temple
Lair:1:   layout_misc_corridors, portal_ice_cave_entry_imps,
          chequers_serial_rivers_small_b, lemuel_centaur_altar
Lair:2:   layout_long_grid
Lair:3:   layout_hall_layers, dummy_snake_entry, st_stairs_3,
          chequers_serial_rivers_marsh, beast_lair_carwin_4, lemuel_fruit_tree
Lair:4:   layout_hall_layers, minmay_shoals_entry_beasts,
          minmay_lair_oklob_chamber
Lair:5:   wander_river, layout_regular_city, minmay_slime_entry_oklob_open,
          st_stairs_11, dpeg_oklob_1, serial_bayou_shore_b, grunt_megastairs_3,
          serial_bayou_shore_b
Lair:6:   grunt_lair_end_beastmaster, layout_concentric_octagons,
          gauntlet_entry_generic
Shoals:1: layout_shoals
Shoals:2: layout_shoals
Shoals:3: layout_shoals, serial_shops, shop
Shoals:4: shoals_end_hangedman, layout_shoals, shoals_ilsuiw_alternative
Snake:1:  layout_onion_interference
Snake:2:  layout_rooms
Snake:3:  layout_rooms, evilmike_ambush [evilmike_ambush_outer_basic,
          evilmike_ambush_inner_basic]
Snake:4:  snake_pit, layout_cave_town, serial_shops, shop, nicolae_snake_shapes,
          uniq_vashnia
Orc:1:    layout_diamond_mine, nicolae_orc_damp_corner, mines1_david, uniq_urug
Orc:2:    pubby_orc_utopia
Elf:1:    layout_loops_corners, serial_shops, nicolae_shop_window_shopping,
          shop, nicolae_shop_trees, hangedman_elf_represent,
          hangedman_elf_targetted_burst, grunt_megastairs_2, uniq_asterion
Elf:2:    layout_loops_cross, serial_shops, nicolae_shop_statue_plus
Abyss:2:  base:
Depths:5

Skill      XL: |  1  2  3  4  5  6  7  8  9 10 11 12 13 14 15 16 17 18 19 |
---------------+----------------------------------------------------------+-----
Armour         | 3 4 5 6 7 8 9 |  9.5
Shields        | 3 4 5 6 7 8 9 10 12 13 14 15 | 15.3
Maces & Flails | 2 3 4 6 8 10 11 12 13 | 13.8
Slings         | 1 3 4 6 7 8 |  8.4
Fighting       | 4 5 6 7 8 9 10 11 12 | 12.5
Dodging        | 1 2 3 4 5 6 7 |  7.2
Stealth        | 1 2 3 4 5 |  5.1
Throwing       | 1 2 |  2.9
Axes           | 3 4 5 |  5.1
Crossbows      | 2 3 4 6 9 10 | 10.1
Polearms       | 3 7 8 |  8.4
Spellcasting   | 2 3 4 5 |  5.9
Air Magic      | 2 3 4 |  4.7
Long Blades    | 1 2 |  2.7
Summonings     | 2 3 5 6 |  6.2
Evocations     | 1 2 3 |  3.0
Poison Magic   | 1 3 |  3.6
Hexes          | 1 3 |  3.6
Ice Magic      | 1 3 |  3.0
Fire Magic     | 1 2 |  2.4

Action                   |  1- 3 |  4- 6 |  7- 9 | 10-12 | 13-15 | 16-18 | 19-21 || total
-------------------------+-------+-------+-------+-------+-------+-------+-------++-------
Melee: Flail             |   123 |   126 |   201 |   742 |  1898 |   669 |   218 ||  3977
       Mace              |       |    36 |    22 |       |       |       |       ||    58
       War axe           |       |       |       |   272 |   129 |       |       ||   401
       Spear             |       |       |       |    93 |   509 |       |       ||   602
 Fire: Hunting sling     |       |    47 |    65 |   123 |   264 |   239 |       ||   738
       Hand crossbow     |       |       |       |       |       |  1200 |   156 ||  1356
Throw: Dart              |       |       |     5 |    14 |    41 |       |       ||    60
       Throwing net      |       |       |     1 |     3 |       |       |       ||     4
       Boomerang         |       |       |       |       |     5 |       |       ||     5
 Cast: Summon Lightning  |       |       |       |       |     1 |    94 |     9 ||   104
       Call Imp          |       |       |       |       |       |    67 |       ||    67
       Summon Ice Beast  |       |       |       |       |       |     6 |       ||     6
       Inner Flame       |       |       |       |       |       |     2 |       ||     2
       Poisonous Vapours |       |       |       |       |       |     3 |       ||     3
Invok: Call Merchant     |       |       |       |       |       |     7 |       ||     7
 Abil: Evoke Flight      |       |       |       |       |     1 |       |       ||     1
Evoke: Wand              |       |       |       |    18 |    36 |    29 |     1 ||    84
       Lightning rod     |       |       |       |       |     8 |     2 |       ||    10
       Tin of tremorston |       |       |       |       |     3 |     3 |       ||     6
       Phial of floods   |       |       |       |       |     2 |       |       ||     2
       Phantom mirror    |       |       |       |       |       |     1 |       ||     1
  Use: Scroll            |       |     7 |     5 |    18 |    12 |    17 |     1 ||    60
       Potion            |       |     2 |     6 |     2 |     5 |    15 |     1 ||    31
 Stab: Distracted        |       |       |     1 |     6 |    14 |     4 |       ||    25
       Held in net/web   |       |       |     5 |     1 |       |       |       ||     6
       Sleeping          |       |       |       |     1 |    17 |       |       ||    18
       Petrified         |       |       |       |       |     7 |       |       ||     7
Armor: Scale mail        |    80 |    91 |       |       |   110 |   580 |    17 ||   878
       Leather armour    |       |       |    71 |    31 |       |       |       ||   102
       Chain mail        |       |       |       |   464 |   342 |       |       ||   806
       Ring mail         |       |       |       |       |   199 |       |       ||   199
       Skin              |       |       |       |       |       |    19 |       ||    19
Dodge: Dodged            |    37 |    50 |    66 |   243 |   473 |   587 |    37 ||  1493
Block: Kite shield       |    67 |    68 |   101 |   900 |  1619 |  1537 |   127 ||  4419
       Reflection        |       |       |       |    35 |    40 |   248 |    22 ||   345
       Other             |       |       |       |       |       |    14 |       ||    14
